 Dungeon Crawl Stone Soup version 0.30-a0-632-g346586fe48 (webtiles) character file.

Game seed: 12909510695230909231

3031 funkygono the Magician (level 9, -3/61 HPs)
             Began as a Demonspawn Fire Elementalist on Jan 13, 2023.
             Was a Follower of Vehumet.
             Slain by a two-headed ogre
             ... wielding a +0 giant spiked club
              (10 damage)
             ... on level 6 of the Dungeon.
             The game lasted 00:15:22 (7233 turns).

funkygono the Magician (DsFE)                       Turns: 7233, Time: 00:15:22

Health: -3/61      AC: 13    Str:  8    XL:     9   Next: 56%
Magic:  0/20       EV: 12    Int: 22    God:    Vehumet [*.....]
Gold:   314        SH:  0    Dex: 13    Spells: 9/23 levels left

rFire   . . .      SeeInvis .    x - +3 dagger (venom)
rCold   . . .      Faith    .    (no shield)
rNeg    + . .      Spirit   +    j - +1 robe {rN+}
rPois   .          Reflect  .    u - +1 helmet
rElec   .          Harm     .    a - scarf {repulsion}
rCorr   .          Rampage  .    C - +2 pair of gloves
Will    +....                    i - +1 pair of boots
Stlth   ++                       (no amulet)
HPRegen 1.30/turn                D - ring of willpower
MPRegen 0.34/turn                (no ring)

@: repel missiles
A: yellow scales 2, powered by death 1, magic shield, magic regeneration
a: Renounce Religion


You were on level 6 of the Dungeon.
You worshipped Vehumet.
Vehumet was aware of your devotion.
You visited 2 branches of the dungeon, and saw 8 of its levels.
You also visited: Sewer.

You collected 314 gold pieces.

Inventory:

Hand Weapons
 r - a +0 rapier of draining
 v - a +2 vampiric whip
 x - a +3 dagger of venom (weapon)
 y - a +2 whip of freezing
Missiles
 m - 2 throwing nets
Armour
 a - a scarf of repulsion (worn)
 i - a +1 pair of boots (worn)
 j - a +1 robe of positive energy (worn)
 k - a +0 leather armour
 u - a +1 helmet (worn)
 C - a +2 pair of gloves (worn)
Jewellery
 D - a ring of willpower (left hand)
 E - a ring of fire
Wands
 A - a wand of roots (8)
Scrolls
 c - 2 scrolls of fog
 d - 4 scrolls of blinking
 f - 7 scrolls of teleportation
 l - a scroll of fear
 t - 5 scrolls of amnesia
 w - a scroll of identify
 B - 3 scrolls of magic mapping
 F - a scroll of silence {unknown}
Potions
 b - a potion of magic
 e - a potion of might
 g - 2 potions of berserk rage
 h - a potion of invisibility
 n - 3 potions of mutation
 o - 2 potions of lignification
 p - a potion of brilliance
 q - 3 potions of attraction
 s - 8 potions of curing
 z - a potion of heal wounds


   Skills:
 + Level 1.8 Fighting
 + Level 0.3 Short Blades
 + Level 2.8 Dodging
 - Level 1.7 Stealth
 + Level 7.8 Spellcasting
 + Level 6.0 Conjurations
 + Level 7.8 Fire Magic


You had 9 spell levels left.
You knew the following spells:

 Your Spells              Type           Power      Damage    Failure   Level
a - Foxfire               Conj/Fire      100%       2x1d9     1%          1
b - Scorch                Fire           86%        2d9       1%          2
c - Kindle Blastsparks    Fire/Tloc/Air  40%        2d13      8%          3
d - Flame Wave            Conj/Fire      39%        2d11      4%          4
e - Magic Dart            Conj           100%       1d8       1%          1
f - Ignite Poison         Fire/Tmut/Pois 20%        N/A       8%          3

Your spell library contained the following spells:

 Spells                   Type           Power      Damage    Failure   Level
 Inner Flame              Hex/Fire       25%        N/A       4%          3
 Portal Projectile        Hex/Tloc       16%        N/A       22%         3
 Tukima's Dance           Hex            8%         N/A       22%         3
 Freezing Cloud           Conj/Ice/Air   8%         6-21      67%         5
 Blade Hands              Tmut           4%         N/A       91%         5


Dungeon Overview and Level Annotations

Branches:
Dungeon (7/15)             Temple (1/1) D:4           Sewer (visited)

Altars:
Ashenzari
Cheibriados
Dithmenos
Fedhas
Gozag
Kikubaaqudgha
Makhleb
Nemelex Xobeh
Okawaru
Qazlal
Sif Muna
Trog
Uskayaw
Vehumet
Wu Jian
Xom
Yredelemnul

Shops:
D:2 (*:   D:6 [   D:7 (


Innate Abilities, Weirdness & Mutations

You are mostly covered in yellow scales. (AC +3)
You regenerate a little health from kills.
When hurt, damage is shared between your health and your magic reserves.
You regenerate magic rapidly.


Message History

Confirm with . or Enter, or press ? or * to list all spells.
Casting: Flame Wave (dangerous; 4% risk of failure)
Press: ? - help, Dir - look around, f - activate A wave of flame ripples out!
The flame wave engulfs the gnoll sergeant!
The gnoll sergeant is heavily wounded.
The flame wave engulfs the two-headed ogre!
The two-headed ogre is lightly wounded. (Press . to intensify the flame waves.)
The gnoll sergeant hits you with a +2 spear of freezing.
The gnoll sergeant freezes you.
The two-headed ogre hits you with a +0 giant spiked club!
The two-headed ogre hits you with a +0 giant spiked club.
Unknown command.
A wave of flame ripples out!
The flame wave engulfs the gnoll sergeant.
The gnoll sergeant is severely wounded.
The flame wave engulfs the two-headed ogre!
The two-headed ogre is heavily wounded.
The gnoll sergeant hits you with a +2 spear of freezing!
The gnoll sergeant freezes you.
A wave of flame ripples out!
The flame wave engulfs the gnoll sergeant!
You kill the gnoll sergeant!
Vehumet accepts your kill.
The flame wave engulfs the two-headed ogre.
The two-headed ogre is heavily wounded.
You finish channelling waves of flame.
The two-headed ogre hits you with a +0 giant spiked club!
* * * LOW HITPOINT WARNING * * *
The two-headed ogre hits you with a +0 giant spiked club!
* * * LOW HITPOINT WARNING * * *
Unknown command.
Casting: Flame Wave (dangerous; 4% risk of failure)
Confirm with . or Enter, or press ? or * to list all spells.
Flames lash the two-headed ogre.
The two-headed ogre is almost dead.
The two-headed ogre's fire resistance burns away.
The two-headed ogre hits you with a +0 giant spiked club!
You die...

########## ######## ####
#........########......####...
#...........)@O.....>.......##
#........##########.######....
#............## #.......####
#..###........###########.####
##..##...##............##.....
##............)######........
#......######).#############
#......#### #........#######
#.##.....)####....##.......#


You could see a two-headed ogre (combustible).

Vanquished Creatures
  Pikel (D:6)
  Grinder (D:3)
  2 water moccasins
  2 orc warriors
  Duvessa (D:5)
  A sky beast (D:6)
  An ice beast (D:6)
  2 phantoms
  A centaur (D:7)
  4 lemures (D:6)
  Blork the orc (D:5)
  2 necrophages (D:4)
  A gnoll sergeant (D:6)
  2 scorpions
  Dowan (D:5)
  2 jellies
  6 orc priests
  5 hounds
  5 iguanas
  5 orc wizards
  Robin (D:3)
  11 gnolls
  16 adders
  3 river rats
  A white imp (D:6)
  An ufetubus (D:7)
  2 worms
  A dart slug (D:3)
  17 orcs
  4 endoplasms
  5 giant cockroaches
  15 goblins
  11 hobgoblins
  A jackal (D:3)
  7 kobolds
  3 quokkas
  9 ball pythons
  2 bats
  11 frilled lizards
  13 rats
180 creatures vanquished.

Vanquished Creatures (collateral kills)
  2 foxfires (D:3)
2 creatures vanquished.

Vanquished Creatures (others)
  727 foxfires
  8 plants (D:5)
  5 toadstools (D:7)
740 creatures vanquished.

Grand Total: 922 creatures vanquished

Notes
Turn   | Place    | Note
-------+----------+-------------------------------------------
     0 | D:1      | funkygono the Demonspawn Fire Elementalist began the quest
                  | for the Orb.
     0 | D:1      | Reached XP level 1. HP: 13/13 MP: 3/3
   276 | D:1      | Gained mutation: You regenerate a little health from kills.
                  | [demonic ancestry]
   276 | D:1      | Reached XP level 2. HP: 19/19 MP: 3/5
   279 | D:1      | Learned a level 2 spell: Scorch
   885 | D:2      | Found Woufuufa's General Store.
  1177 | D:2      | Gained mutation: You regenerate magic rapidly. [demonic
                  | ancestry]
  1177 | D:2      | Reached XP level 3. HP: 24/24 MP: 3/6
  1181 | D:2      | Learned a level 3 spell: Kindle Blastsparks
  1194 | D:2      | Found Plog's Antique Weapon Shoppe.
  1400 | D:2      | Reached XP level 4. HP: 30/30 MP: 0/8
  1602 | D:2      | Found Buamoet's Book Emporium.
  1884 | D:3      | Noticed Grinder
  1895 | D:3      | Killed Grinder
  1896 | D:3      | Reached XP level 5. HP: 35/35 MP: 1/11
  1896 | D:3      | Gained mutation: When hurt, damage is shared between your
                  | health and your magic reserves. [demonic ancestry]
  1896 | D:3      | Reached XP level 6. HP: 41/41 MP: 1/12
  1901 | D:3      | Learned a level 4 spell: Flame Wave
  2024 | D:3      | Noticed Robin
  2119 | D:3      | Killed Robin
  2842 | D:3      | Found a snail-covered altar of Cheibriados.
  2909 | D:3      | Gained mutation: You are partially covered in yellow
                  | scales. (AC +2) [demonic ancestry]
  2909 | D:3      | Reached XP level 7. HP: 47/47 MP: 5/13
  3247 | D:4      | Reached skill level 5 in Fire Magic
  3332 | D:4      | Found a staircase to the Ecumenical Temple.
  3342 | Temple   | Entered the Ecumenical Temple
  3512 | Temple   | Became a worshipper of Vehumet
  3600 | D:4      | Reached skill level 5 in Spellcasting
  4334 | D:5      | Entered Level 5 of the Dungeon
  4511 | D:5      | Reached XP level 8. HP: 53/53 MP: 13/16
  4549 | D:5      | Noticed Blork the orc
  4573 | D:5      | Killed Blork the orc
  4656 | D:5      | Noticed Dowan
  4658 | D:5      | Noticed Duvessa
  4661 | D:5      | Killed Dowan
  4670 | D:5      | Killed Duvessa
  4803 | D:5      | Found the +18 Lear's hauberk
  5364 | D:6      | Reached skill level 1 in Fighting
  5378 | D:6      | Noticed Pikel
  5513 | D:6      | Found a glowing drain.
  5523 | Sewer    | Entered a sewer
  5623 | Sewer    | Reached * piety under Vehumet
  5623 | Sewer    | Offered knowledge of Magic Dart by Vehumet.
  6135 | D:6      | Killed Pikel
  6136 | D:6      | Reached skill level 5 in Conjurations
  6136 | D:6      | Gained mutation: You are mostly covered in yellow scales.
                  | (AC +3) [demonic ancestry]
  6136 | D:6      | Reached XP level 9. HP: 54/59 MP: 7/19
  6327 | D:6      | Found Gycuotunki's Antique Armour Shop.
  6693 | D:6      | Learned a level 1 spell: Magic Dart
  6698 | D:6      | Learned a level 3 spell: Ignite Poison
  6986 | D:7      | Found Hotrof's Weapon Boutique.
  7006 | D:7      | Noticed a deep elf pyromancer
  7008 | D:7      | Noticed a two-headed ogre
  7035 | D:7      | Noticed a two-headed ogre
  7233 | D:6      | Slain by a two-headed ogre

Illustrated notes

Levels and vault maps discovered:
D:1:      dreamdust_arrival_sigmund_warning, layout_loops_ring
D:2:      layout_loops_cross, serial_shops, shop_fountains,
          nicolae_shop_hallway_plus, nicolae_shop_stone, minmay_misc_feat_roman
D:3:      minmay_diamond_boxcup, layout_basic, mainiacjoe_overflow_boulevard,
          uniq_robin, uniq_grinder
D:4:      layout_loops_cross, minmay_temple_entry_tees
D:5:      layout_basic, serial_bayou_ford_a, uniq_duvessa, uniq_blork_the_orc
D:6:      layout_rooms, portal_sewer_entry_e, serial_shops,
          nicolae_shop_overgrown_old_shop, chequers_serial_rivers_room_a,
          uniq_pikel
D:7:      layout_basic, mainiacjoe_overflow_cross_hatched,
          mainiacjoe_overflow_surrounded_room, gammafunk_ghost_cemetery,
          serial_shops, nicolae_square_shop, minmay_gold_behind_fungi,
          minmay_the_grid_2x2 [minmay_the_grid_paths,
          minmay_the_grid_aliased_spiral, minmay_the_grid_plusring,
          minmay_the_grid_prize_four_corners]
Temple:   bh_familiar_temple

Skill      XL: |  1  2  3  4  5  6  7  8  9 |
---------------+----------------------------+-----
Fire Magic     | 3 4 5 7 |  7.8
Dodging        | 2 |  2.8
Spellcasting   | 4 5 7 |  7.8
Conjurations   | 2 3 4 5 6 |  6.0
Fighting       | 1 |  1.8
Short Blades   | |  0.3
Stealth        | |  1.7

Action                   |  1- 3 |  4- 6 |  7- 9 || total
-------------------------+-------+-------+-------++-------
Melee: Rapier            |       |     5 |       ||     5
       Dagger            |       |       |    12 ||    12
 Cast: Foxfire           |    49 |   100 |   274 ||   423
       Scorch            |     3 |     9 |    53 ||    65
       Flame Wave        |       |       |     1 ||     1
  Use: Scroll            |       |       |    21 ||    21
       Potion            |       |       |     2 ||     2
Armor: Robe              |     2 |     8 |    34 ||    44
Dodge: Dodged            |    12 |    33 |    48 ||    93

Table legend: (Time is in decaauts)
 A = Elapsed time spent in this place.
 B = Non-inter-level travel time spent in this place.
 C = Inter-level travel time spent in this place.
 D = Time resting spent in this place.
 E = Time spent auto-exploring this place.
 F = Levels seen in this place.
 G = Mean time per level.
                   A        B        C        D        E       F      G
               +--------+--------+--------+--------+--------+-----+--------+
         Total |   7310 |   7076 |    234 |    352 |   5267 |   9 |  812.2 |
       Dungeon |   6638 |   6428 |    210 |    352 |   4743 |   7 |  948.3 |
        Temple |    194 |    170 |     24 |      0 |    161 |   1 |  194.0 |
         Sewer |    477 |    477 |      0 |      0 |    362 |   1 |  477.0 |
               +--------+--------+--------+--------+--------+-----+--------+

Top non-repeatable levels by time:
     D:6: 1175 daAuts
     D:3: 1168 daAuts
     D:4: 1097 daAuts
     D:5: 1014 daAuts
     D:2: 986 daAuts
     D:1: 885 daAuts
   Sewer: 477 daAuts
     D:7: 310 daAuts
  Temple: 194 daAuts
